 Dungeon Crawl Stone Soup version 0.31-a0-1237-gabc64e7 (webtiles) character file.

Game seed: 10027152963440820417

675 PublicAnimeNo1 the Ruffian (level 7, -5/57 HPs)
             Began as a Demigod Shapeshifter on Dec 15, 2023.
             Slain by Maggie
             ... wielding a +0 glaive
              (19 damage)
             ... on level 6 of the Dungeon.
             The game lasted 00:08:05 (4758 turns).

PublicAnimeNo1 the Ruffian (Demigod Shapeshifter)   Turns: 4758, Time: 00:08:05

Health: -5/57      AC:  5    Str: 19    XL:     7   Next: 11%
Magic:  9/9        EV: 10    Int: 12    God:
Gold:   196        SH:  0    Dex: 17    Spells: 6/6 levels left

rFire   . . .        v - +2 war axe (venom)
rCold   + . .        (no shield)
rNeg    . . .        q - +2 leather armour {rC+}
rPois   .            (helmet currently unavailable)
rElec   .            (cloak currently unavailable)
rCorr   .            (gloves currently unavailable)
SInv    .            (boots currently unavailable)
Will    .....        (no amulet)
Stlth   +            (no ring)
HPRegen 0.29/turn    (no ring)
MPRegen 0.11/turn

%: no passive effects
@: beast-form, grasped by roots, mesmerised, constricted
A: beast (slay +2), high MP 1, forlorn, divine attributes
a: Begin Untransformation


You were on level 6 of the Dungeon.
You were a hulking beast.
You visited 1 branch of the dungeon, and saw 6 of its levels.

You collected 196 gold pieces.

Inventory:

Hand Weapons
 s - a +0 dagger of venom
 v - a +2 war axe of venom (weapon)
Missiles
 h - 6 javelins
Armour
 a - a +0 animal skin
 g - a +0 leather armour
 o - a +1 chain mail
 q - a +2 leather armour of cold resistance (worn)
 x - a +0 pair of gloves
Jewellery
 p - an amulet of guardian spirit
 t - a ring of willpower
Talismans
 c - a beast talisman
 d - a flux talisman
Wands
 f - a wand of charming (11)
 m - a wand of flame (3) (quivered)
 r - a wand of roots (2)
Scrolls
 i - 2 scrolls of teleportation
 j - 4 scrolls of identify
Potions
 b - a potion of heal wounds {unknown}
 e - a potion of enlightenment
 k - 2 potions of invisibility
 l - 3 potions of curing
 n - a potion of haste {unknown}
 u - a potion of lignification


   Skills:
 + Level 3.2 Fighting
 + Level 1.2 Armour
 + Level 3.6 Dodging
 + Level 4.6 Unarmed Combat
 * Level 4.4 Shapeshifting


You had 6 spell levels left.
You didn't know any spells.
Your spell library contained the following spells:

 Spells                   Type           Power      Damage    Failure   Level
 Animate Dead             Necr           0%         N/A       98%         4
 Borgnjor's Vile Clutch   Necr/Erth      0%         N/A       100%        5
 Death Channel            Necr           0%         N/A       100%        6


Dungeon Overview and Level Annotations

Branches:
Dungeon (6/15)             Temple (0/1) D:5

Annotations:
D:6 Maggie


Innate Abilities, Weirdness & Mutations

You are a hulking beast.
Your limbs bulge with bestial killing power. (Slay +2)
You have an increased reservoir of magic. (+10% MP)
You shall have no god before yourself.
Your divine heritage dramatically boosts your attributes as you level up.


Message History

Maggie the Vainglorious comes into view.
She is wielding a +0 glaive and carrying a wand of roots.
Maggie shouts!
Maggie is nearby!
Maggie is nearby!
Okay, then.
Maggie zaps a wand.
The roots erupt in riotous growth!
The grasping roots grab you! The grasping roots constrict you!
You hear a shout!
You hear an angry growl.
You hear a shout!
You escape the roots grasp.
Maggie barely misses you.
Aiming: Fastroot
Press: ? - help, Shift-Dir - straight line The roots erupt in riotous growth!
Roots grab Maggie.
The grasping roots constrict Maggie.
Maggie zaps a wand.
The roots erupt in riotous growth!
The grasping roots grab you!
Maggie is unaffected.
The grasping roots constrict you!
You hit Maggie.
Maggie is poisoned.
Maggie is lightly wounded.
The grasping roots constrict Maggie, but do no damage.
The roots release their grip on Maggie.
Maggie mumbles some strange words.
Maggie attempts to bespell you!
You are mesmerised by Maggie!
The grasping roots constrict you!
A centaur comes into view.
You hit Maggie but do no damage.
Maggie is lightly wounded.
The centaur wields a +0 orcbow.
The centaur shoots an arrow.
The arrow barely misses you. Maggie barely misses you.
The grasping roots constrict you.
The centaur shoots an arrow.
The arrow hits you. Maggie completely misses you.
The grasping roots constrict you.
You slash Maggie!
Maggie looks as sick as possible!
Maggie is moderately wounded.
The centaur shoots an arrow.
The arrow hits you!
* * * LOW HITPOINT WARNING * * *
Maggie hits you with a +0 glaive!!
You die...

#..#.......#
##....#.....#.##
#..#.##.#..##..#
#.##.##.##..##.#
#....##.###....#
#..####.# ######
#.. .#.#
######@##.#.#
.......h..#.#
######....#.#
#####c..##.#####
.........#.....#
.######.....##.#
##.##.# #.##.#
..##.# ......#


You could see Maggie (mesmerising, extremely poisoned) and a centaur.

Vanquished Creatures
  A black bear (D:4)
  An ogre (D:5)
  Blork the orc (D:4)
  2 scorpions
  A jelly (D:3)
  An iguana (D:5)
  Ijyb (D:3)
  2 orc wizards (D:5)
  6 gnolls (D:5)
  5 adders
  A worm (D:2)
  3 dart slugs
  9 orcs
  2 endoplasms
  4 giant cockroaches (D:1)
  4 goblins
  3 hobgoblins
  6 jackals
  3 quokkas
  5 ball pythons
  3 bats
  2 frilled lizards (D:1)
  4 kobolds
  A rat (D:1)
71 creatures vanquished.

Notes
Turn   | Place    | Note
-------+----------+-------------------------------------------
     0 | D:1      | PublicAnimeNo1 the Demigod Shapeshifter began the quest for
                  | the Orb.
     0 | D:1      | Reached XP level 1. HP: 15/15 MP: 3/3
    40 | D:1      | Reached skill level 1 in Fighting
   239 | D:1      | Reached XP level 2. HP: 23/23 MP: 4/4
   829 | D:2      | Reached XP level 3. HP: 27/28 MP: 5/5
  1558 | D:3      | Noticed Ijyb
  1572 | D:3      | Killed Ijyb
  1746 | D:3      | Reached XP level 4. HP: 31/36 MP: 6/6
  2527 | D:4      | You fall into a shaft and drop 1 floor!
  2527 | D:5      | Entered Level 5 of the Dungeon
  2568 | D:5      | Noticed an ogre
  2574 | D:5      | Killed an ogre
  2575 | D:5      | Reached XP level 5. HP: 42/42 MP: 7/7
  2583 | D:5      | Found a staircase to the Ecumenical Temple.
  3007 | D:4      | Noticed a black bear
  3015 | D:4      | Killed a black bear
  3016 | D:4      | Reached XP level 6. HP: 49/50 MP: 8/8
  3589 | D:4      | Noticed Blork the orc
  3599 | D:4      | Killed Blork the orc
  4246 | D:5      | Reached skill level 1 in Armour
  4484 | D:5      | Reached XP level 7. HP: 57/57 MP: 9/9
  4750 | D:6      | Noticed Maggie
  4758 | D:6      | Slain by Maggie

Illustrated notes

Levels and vault maps discovered:
D:1:      ncdulo_smallfort, layout_rooms, minmay_misc_feat_roman
D:2:      layout_basic, serial_bayou_pond_a
D:3:      layout_loops_ring, uniq_ijyb
D:4:      layout_layer_cave, nicolae_overflow_hidden_temple, uniq_blork_the_orc
D:5:      layout_loops_ring, grunt_gozag_statues,
          minmay_temple_entry_stoned_glass, hex_tiny
D:6:      layout_basic, serial_park_tiny_1, st_stairs_13, minivault_26,
          uniq_maggie

Skill      XL: |  1  2  3  4  5  6 |
---------------+-------------------+-----
Fighting       | 1 2 3 |  3.2
Dodging        | 2 3 |  3.6
Unarmed Combat | 3 4 |  4.6
Shapeshifting  | 3 4 |  4.4
Armour         | 1 |  1.2

Action                     |  1- 3 |  4- 6 |  7- 9 || total
---------------------------+-------+-------+-------++-------
  Melee: Unarmed           |   128 |    19 |       ||   147
         Punch             |     6 |     1 |       ||     7
         Dagger            |       |     4 |       ||     4
         War axe           |       |    52 |     7 ||    59
  Throw: Javelin           |     4 |     6 |       ||    10
  Evoke: Wand              |     2 |    34 |     4 ||    40
    Use: Potion            |     3 |       |       ||     3
         Scroll            |       |     9 |       ||     9
   Stab: Sleeping          |     1 |       |       ||     1
 Armour: Animal skin       |    18 |       |       ||    18
         Leather armour    |    28 |    13 |     7 ||    48
         Skin              |    20 |       |       ||    20
         Chain mail        |     8 |    56 |       ||    64
  Dodge: Dodged            |    63 |    38 |     5 ||   106

Table legend: (Time is in decaauts)
 A = Elapsed time spent in this place.
 B = Non-inter-level travel time spent in this place.
 C = Inter-level travel time spent in this place.
 D = Time resting spent in this place.
 E = Time spent auto-exploring this place.
 F = Levels seen in this place.
 G = Mean time per level.
                   A        B        C        D        E       F      G
               +--------+--------+--------+--------+--------+-----+--------+
         Total |   4783 |   4655 |    128 |    984 |   3012 |   6 |  797.2 |
       Dungeon |   4783 |   4655 |    128 |    984 |   3012 |   6 |  797.2 |
               +--------+--------+--------+--------+--------+-----+--------+

Top non-repeatable levels by time:
     D:4: 1380 daAuts
     D:5: 941 daAuts
     D:2: 909 daAuts
     D:3: 876 daAuts
     D:1: 597 daAuts
     D:6: 77 daAuts
